 Dungeon Sprint DCSS version 0.27.0-1-g7a089689b8 (webtiles) character file.

Game seed: 14693417843421741141

381 styxcanada the Unseen (level 6, -13/33 HPs)
             Began as a Spriggan Brigand on Aug 16, 2021.
             Mangled by a wyvern (14 damage)
             ... in the Dungeon (Sprint II: "The Violet Keep of Menkaure").
             The game lasted 00:01:49 (178 turns).

styxcanada the Unseen (Spriggan Brigand)             Turns: 178, Time: 00:01:50

Health: -13/33     AC:  3    Str:  7    XL:     6   Next: 46%
Magic:  7/7        EV: 21    Int: 12    God:
Gold:   243        SH:  0    Dex: 19    Spells: 5/5 levels left

rFire    . . .     SeeInvis +   a - +2 dagger
rCold    . . .     Faith    .   (shield restricted)
rNeg     . . .     Spirit   .   b - +0 robe
rPois    .         Reflect  .   (helmet restricted)
rElec    .         Harm     .   c - +0 cloak
rCorr    .         Rampage  .   (gloves unavailable)
Will     +....     NoTele   +   (boots unavailable)
Stlth    +++++++...             (no amulet)
HPRegen  0.11/turn              (no ring)
MPRegen  0.10/turn              (no ring)

@: very quick
A: very small, no large weapons, unfitting armour, see invisible, speed 3
a: no special abilities


You were in the Dungeon.
You visited 1 branch You collected 243 gold pieces.

Inventory:

Hand Weapons
 a - a +2 dagger (weapon)
Missiles
 d - a poisoned dart (quivered)
Armour
 b - a +0 robe (worn)
 c - a +0 cloak (worn)
Scrolls
 k - a scroll of blinking
Potions
 h - a potion of haste
 i - 2 potions of magic
 j - a potion of berserk rage


   Skills:
 * Level 3.8 Fighting
 + Level 3.9 Short Blades
 + Level 3.4 Throwing
 * Level 6.2 Dodging
 * Level 17.4 Stealth


You had 5 spell levels left.
You didn't know any spells.
Your spell library was empty.

Dungeon Overview and Level Annotations

Branches:
Dungeon (1/1)

Altars:

Annotations:
D exclusion: ice statue


Innate Abilities, Weirdness & Mutations

You are very small and have problems with some larger weapons.
You are too small for most types of armour.
You have supernaturally acute eyesight. (SInv)
You cover ground extremely quickly. (Speed+++)


Message History

You throw a poisoned dart.
The poisoned dart barely misses the wyvern.
The wyvern barely misses you.
There is an open door here.
Throw: dart (poison)
Press: ? - help, Q - select action, (/) - cycle Shift-Dir - straight line, f/p - wyvern
Aim: a wyvern (lightly wounded, poisoned, 63% to hit)
You throw a poisoned dart. The poisoned dart hits the wyvern.
The wyvern looks even sicker.
The wyvern is lightly wounded.
The wyvern bites you!
* * * LOW HITPOINT WARNING * * *
You see here 243 gold pieces.
You see here a poisoned dart.
There is an open door here.
You see here 2 poisoned darts.
You see here a wyvern corpse.
Throw: 2 darts (curare)
Press: ? - help, Q - select action Shift-Dir - straight line, f/p - wyvern
Aim: a wyvern (moderately wounded, very poisoned, 63% to hit)
You throw a curare-tipped dart.
The curare-tipped dart barely misses the wyvern.
The wyvern barely misses you.
You see here a poisoned dart.
There is an open door, spattered with blood here.
You see here 243 gold pieces.
d - a poisoned dart The wyvern bites you.
* * * LOW HITPOINT WARNING * * *
There is an open door here.
You see here 2 poisoned darts.
Throw: dart (curare)
Press: ? - help, Q - select action, (/) - cycle Shift-Dir - straight line, f/p - wyvern
Aim: a wyvern (heavily wounded, poisoned, 63% to hit)
You throw a curare-tipped dart. The curare-tipped dart hits the wyvern.
The wyvern looks even sicker.
The wyvern convulses.
The wyvern seems to slow down.
The wyvern is severely wounded.
The wyvern bites you!
You die...

°°○ ≈≈≈
#≈≈#+++#+++##
≈≈≈.........#
##l## ##(#$##
#†###.#
##.#l####
##@###.##
##.###..#
+.<.'.##+
##.###..# #+#
#.## ###


You could see a wyvern (very poisoned, slow).

Vanquished Creatures
  A wyvern (D)
  4 scorpions (D)
5 creatures vanquished.

Vanquished Creatures (others)
  Menkaure (D)
  A water moccasin (D)
2 creatures vanquished.

Grand Total: 7 creatures vanquished

Notes
Turn   | Place    | Note
-------+----------+-------------------------------------------
     0 | D        | styxcanada the Spriggan Brigand began the quest for the
                  | Orb.
     0 | D        | Reached XP level 1. HP: 10/10 MP: 2/2
     1 | D        | Noticed a scorpion
     1 | D        | Noticed a scorpion
     3 | D        | Noticed a scorpion
     3 | D        | Noticed a scorpion
     4 | D        | Killed a scorpion
     5 | D        | Reached skill level 11 in Stealth
     5 | D        | Reached XP level 2. HP: 3/16 MP: 3/3
     5 | D        | Reached XP level 3. HP: 4/19 MP: 4/4
    17 | D        | Killed a scorpion
    18 | D        | Reached skill level 13 in Stealth
    18 | D        | Reached XP level 4. HP: 23/23 MP: 5/5
    24 | D        | Killed a scorpion
    25 | D        | Reached skill level 5 in Dodging
    25 | D        | Reached skill level 14 in Stealth
    25 | D        | Reached XP level 5. HP: 28/28 MP: 6/6
    28 | D        | Reached skill level 15 in Stealth
    37 | D        | Killed Menkaure
   132 | D        | Killed a water moccasin
   133 | D        | Noticed a wyvern
   133 | D        | Noticed a wyvern
   136 | D        | Killed a wyvern
   137 | D        | Reached skill level 17 in Stealth
   137 | D        | Reached XP level 6. HP: 22/33 MP: 7/7
   140 | D        | Noticed an ice statue
   176 | D        | HP: 1/33 [wyvern (5)]
   178 | D        | Mangled by a wyvern

Illustrated notes

Levels and vault maps discovered:
D:        the_violet_keep_of_menkaure [sprint2_stairs_cluster_1,
          sprint2_shoproom, sprint2_temple, sprint2_basic_supplies,
          sprint2_obstacle_6, sprint2_obstacle_5, sprint2_obstacle_2,
          sprint2_obstacle_1, sprint2_obstacle_7, sprint2_timed_cluster_1,
          sprint2_smallroom_cluster_1, sprint2_smallroom_final_cluster_1,
          sprint2_transparent_cluster_1, sprint2_second_timed_cluster_1,
          sprint2_sniper_area_1, sprint2_heavy_combat_area_1,
          sprint2_mutation_trap_area_1, sprint2_forest_area_1,
          sprint2_light_combat_area_1, sprint2_behind_water_1,
          sprint2_near_end_vault_1]

Skill      XL: |  1  2  3  4  5 |
---------------+----------------+-----
Fighting       | 2 3 |  3.8
Dodging        | 3 4 5 6 |  6.2
Stealth        | 11 13 14 17 | 17.4
Short Blades   | 3 |  3.9
Throwing       | 3 |  3.4

Action                   |  1- 3 |  4- 6 || total
-------------------------+-------+-------++-------
Melee: Dagger            |     6 |     3 ||     9
Throw: Dart              |     2 |     9 ||    11
  Use: Potion            |     2 |       ||     2
 Stab: Sleeping          |     1 |     3 ||     4
Armor: Robe              |     2 |       ||     2
Dodge: Dodged            |     5 |     8 ||    13
